 Dungeon Crawl Stone Soup version 0.26-a0-663-g36e8fdb655 (webtiles) character file.

Game seed: 1094749073495487120

485 Gargoyl the Skirmisher (level 7, -4/60 HPs)
             Began as a Gnoll Abyssal Knight on Oct 11, 2020.
             Was a Believer of Lugonu.
             Splashed by a jelly's acid (10 damage)
             ... on level 5 of the Dungeon.
             The game lasted 00:06:04 (4726 turns).

Gargoyl the Skirmisher (Gnoll Abyssal Knight)       Turns: 4726, Time: 00:06:05

Health: -4/60      AC: -1    Str: 16    XL:     7   Next: 13%
Magic:  19/19      EV:  6    Int: 15    God:    Lugonu [**....]
Gold:   178        SH:  0    Dex: 20    Spells: 10/10 levels left

rFire    . . .     SeeInvis .   a - +1 hand axe
rCold    . . .     Faith    .   (no shield)
rNeg     . . .     Spirit   .   n - +0 plate armour
rPois    +         Reflect  .   (no helmet)
rElec    .         Harm     .   (no cloak)
rCorr    .         Rampage  .   (no gloves)
MR       .....                  h - +1 pair of boots
Stlth    ..........             (no amulet)
HPRegen  0.20/turn              c - ring "Sigaviq" {MP+9 Dex+6}
MPRegen  0.16/turn              b - ring of poison resistance

@: corroded
A: distributed training, fangs 1, strong nose
a: Depart the Abyss, Bend Space, Renounce Religion


You were on level 5 of the Dungeon.
You worshipped Lugonu.
Lugonu was pleased with you.
You visited 1 branch of the dungeon, and saw 5 of its levels.
You visited the Abyss 1 time.

You collected 178 gold pieces.

Inventory:

Hand Weapons
 a - a +1 hand axe (weapon)
Missiles
 p - 8 poisoned darts (quivered)
Armour
 h - a +1 pair of boots (worn)
 n - a +0 plate armour (worn)
Jewellery
 b - a ring of poison resistance (right hand)
 c - the ring "Sigaviq" (left hand) {MP+9 Dex+6}
   (You found it on level 1 of the Abyss)

   [ring of magical power]

   It affects your dexterity (+6).
   It affects your magic capacity (+9).
Wands
 t - a wand of polymorph (4)
Scrolls
 e - 5 scrolls of remove curse
 g - a scroll of identify
Potions
 d - 2 potions of brilliance
 f - a potion of resistance
 i - a potion of berserk rage
 j - 2 potions of cancellation {unknown}
 k - 3 potions of curing {unknown}
 m - a potion of might {unknown}
 o - a potion of heal wounds {unknown}
 q - a potion of degeneration {unknown}
 r - a potion of mutation {unknown}
 s - a potion of stabbing {unknown}


   Skills:
 + Level 7.0 Fighting
 + Level 2.3 Short Blades
 + Level 2.3 Long Blades
 + Level 5.1 Axes
 + Level 2.3 Maces & Flails
 + Level 2.3 Polearms
 + Level 2.3 Staves
 + Level 2.3 Slings
 + Level 2.3 Bows
 + Level 2.3 Crossbows
 + Level 2.3 Throwing
 + Level 5.1 Armour
 + Level 3.5 Dodging
 + Level 2.3 Stealth
 + Level 2.3 Shields
 + Level 2.3 Unarmed Combat
 + Level 2.3 Spellcasting
 + Level 1.8 Conjurations
 + Level 1.8 Hexes
 + Level 1.8 Summonings
 + Level 1.8 Necromancy
 + Level 1.8 Translocations
 + Level 1.8 Transmutations
 + Level 1.8 Fire Magic
 + Level 1.8 Ice Magic
 + Level 1.8 Air Magic
 + Level 1.8 Earth Magic
 + Level 1.8 Poison Magic
 + Level 5.3 Invocations
 + Level 2.3 Evocations


You had 10 spell levels left.
You didn't know any spells.
Your spell library contained the following spells:

 Spells                   Type           Power        Failure   Level
 Beastly Appendage        Tmut           #.....       99%         1
 Magic Dart               Conj           #...         99%         1
 Searing Ray              Conj           #.....       100%        2
 Wereblood                Tmut           #.......     100%        2
 Confusing Touch          Hex            #.......     100%        3
 Dazzling Flash           Conj/Hex       #.....       100%        3
 Gell's Gravitas          Tloc           #.........   100%        3
 Spider Form              Tmut/Pois      #.........   100%        3
 Fulminant Prism          Conj/Hex       #.........   100%        4
 Ice Form                 Ice/Tmut       #.......     100%        4
 Iskenderun's Mystic Bla  Conj/Tloc      #.......     100%        4
 Petrify                  Tmut/Erth      #.......     100%        4
 Blade Hands              Tmut           #.........   100%        5
 Metabolic Englaciation   Hex/Ice        #.........   100%        5
 Yara's Violent Unravell  Hex/Tmut       #.........   100%        5


Dungeon Overview and Level Annotations

Branches:
Dungeon (5/15)
 Temple: D:4-7

Altars:
Fedhas
Kikubaaqudgha


Innate Abilities, Weirdness & Mutations

Your experience applies equally to all skills.
You have very sharp teeth.
Your uncanny sense of smell can sniff out nearby items.


Message History

The jelly hits you.
You are splashed with acid!
* * * LOW HITPOINT WARNING * * *
Unknown command.
You hit the jelly but do no damage.
Your hands burn!
* * * LOW HITPOINT WARNING * * *
The jelly is almost dead.
The jelly hits you.
* * * LOW HITPOINT WARNING * * *
You are splashed with acid!
* * * LOW HITPOINT WARNING * * *
Throwing (i - inventory)
p - 9 poisoned darts (quivered)
Press: ? - help, Shift-Dir - straight line, f - jelly
Aim: a jelly (almost dead)
You throw a poisoned dart.
The poisoned dart completely misses the jelly.
Unknown command.
The jelly hits you.
* * * LOW HITPOINT WARNING * * *
The acid corrodes you!
You are splashed with acid!
You die...

##.#
######....##
#..(?....)..
#
#..####.####
#.###.##
#.....#
###.##.J#
...###@# ∆
#..###.+
..###..##..#
.....##..#
####..##..#
#.........#
#.##.###..#
#.# ##.#
#.##.# ##.#


You could see a jelly.

Vanquished Creatures
  2 ogres (D:4)
  A howler monkey (D:4)
  A jelly (D:4)
  Ijyb (D:4)
  2 worker ants (D:4)
  3 gnolls (D:4)
  9 adders
  An adder skeleton (D:4)
  A worm (D:3)
  2 leopard geckos (D:4)
  4 orcs (D:3)
  2 ball pythons (D:3)
  7 bats
  2 giant cockroaches (D:1)
  5 goblins
  10 hobgoblins
  2 jackals (D:2)
  3 quokkas
  4 frilled lizards
  6 kobolds
  8 rats
76 creatures vanquished.

Vanquished Creatures (others)
  5 plants (D:2)
  3 withered plants (D:2)
8 creatures vanquished.

Grand Total: 84 creatures vanquished

Notes
Turn   | Place    | Note
-------+----------+-------------------------------------------
     0 | Abyss:1  | Gargoyl the Gnoll Abyssal Knight began the quest for the
                  | Orb.
     0 | Abyss:1  | Reached XP level 1. HP: 23/23 MP: 3/3
     0 | Abyss:1  | Found a transporter.
     0 | Abyss:1  | Noticed an eye of devastation
     0 | Abyss:1  | Noticed a tentacled starspawn
     2 | Abyss:1  | Got a brightly glowing lapis lazuli ring
     3 | D:1      | Escaped the Abyss
     4 | D:1      | Identified the ring "Sigaviq" {MP+9 Dex+6} (You found it on
                  | level 1 of the Abyss)
   324 | D:1      | Reached XP level 2. HP: 29/29 MP: 5/5
  1298 | D:2      | Reached * piety under Lugonu
  1388 | D:2      | Found a blossoming altar of Fedhas.
  1390 | D:2      | Found an ancient bone altar of Kikubaaqudgha.
  1431 | D:2      | Reached XP level 3. HP: 33/35 MP: 6/6
  1738 | D:2      | Reached skill level 1 in Short Blades
  1738 | D:2      | Reached skill level 1 in Long Blades
  1738 | D:2      | Reached skill level 1 in Maces & Flails
  1738 | D:2      | Reached skill level 1 in Polearms
  1738 | D:2      | Reached skill level 1 in Staves
  1738 | D:2      | Reached skill level 1 in Slings
  1738 | D:2      | Reached skill level 1 in Bows
  1738 | D:2      | Reached skill level 1 in Crossbows
  1738 | D:2      | Reached skill level 1 in Throwing
  1738 | D:2      | Reached skill level 1 in Stealth
  1738 | D:2      | Reached skill level 1 in Shields
  1738 | D:2      | Reached skill level 1 in Unarmed Combat
  1738 | D:2      | Reached skill level 1 in Spellcasting
  1738 | D:2      | Reached skill level 1 in Evocations
  1960 | D:2      | Reached XP level 4. HP: 41/41 MP: 7/7
  2248 | D:3      | Reached skill level 1 in Conjurations
  2248 | D:3      | Reached skill level 1 in Hexes
  2248 | D:3      | Reached skill level 1 in Summonings
  2248 | D:3      | Reached skill level 1 in Necromancy
  2248 | D:3      | Reached skill level 1 in Translocations
  2248 | D:3      | Reached skill level 1 in Transmutations
  2248 | D:3      | Reached skill level 1 in Fire Magic
  2248 | D:3      | Reached skill level 1 in Ice Magic
  2248 | D:3      | Reached skill level 1 in Air Magic
  2248 | D:3      | Reached skill level 1 in Earth Magic
  2248 | D:3      | Reached skill level 1 in Poison Magic
  2418 | D:3      | Reached ** piety under Lugonu
  2529 | D:3      | Reached XP level 5. HP: 45/47 MP: 8/8
  3145 | D:4      | Noticed an ogre
  3147 | D:4      | Noticed an ogre
  3507 | D:4      | Killed an ogre
  3682 | D:4      | Reached skill level 5 in Invocations
  3701 | D:4      | Reached XP level 6. HP: 42/53 MP: 9/9
  3875 | D:4      | Reached skill level 5 in Axes
  3875 | D:4      | Reached skill level 5 in Armour
  4292 | D:4      | Reached XP level 7. HP: 59/59 MP: 10/10
  4376 | D:4      | Noticed Ijyb
  4389 | D:4      | Killed Ijyb
  4433 | D:4      | Reached skill level 7 in Fighting
  4663 | D:5      | Entered Level 5 of the Dungeon
  4726 | D:5      | Splashed by a jelly's acid

Illustrated notes

Levels and vault maps discovered:
D:1:      minmay_arrival_diagonal_passages, layout_basic
D:2:      layout_loops_corners, grunt_temple_overflow_growth_and_decay
D:3:      layout_basic, roderic_lattice_a
D:4:      layout_cave_pods, uniq_ijyb
D:5:      layout_loops_ring, nicolae_overflow_hidden_temple,
          minmay_quadrilaterals

Skill      XL: |  1  2  3  4  5  6  7 |
---------------+----------------------+-----
Short Blades   | 1 2 |  2.3
Long Blades    | 1 2 |  2.3
Maces & Flails | 1 2 |  2.3
Polearms       | 1 2 |  2.3
Staves         | 1 2 |  2.3
Slings         | 1 2 |  2.3
Bows           | 1 2 |  2.3
Crossbows      | 1 2 |  2.3
Throwing       | 1 2 |  2.3
Stealth        | 1 2 |  2.3
Shields        | 1 2 |  2.3
Unarmed Combat | 1 2 |  2.3
Spellcasting   | 1 2 |  2.3
Evocations     | 1 2 |  2.3
Conjurations   | 1 |  1.8
Hexes          | 1 |  1.8
Summonings     | 1 |  1.8
Necromancy     | 1 |  1.8
Translocations | 1 |  1.8
Transmutations | 1 |  1.8
Fire Magic     | 1 |  1.8
Ice Magic      | 1 |  1.8
Air Magic      | 1 |  1.8
Earth Magic    | 1 |  1.8
Poison Magic   | 1 |  1.8
Dodging        | 3 |  3.5
Invocations    | 5 |  5.3
Axes           | 5 |  5.1
Armour         | 5 |  5.1
Fighting       | 7 |  7.0

Action                   |  1- 3 |  4- 6 |  7- 9 || total
-------------------------+-------+-------+-------++-------
Melee: Hand axe          |    80 |   179 |    10 ||   269
       Bite              |    10 |    22 |     2 ||    34
       Punch             |       |     3 |     1 ||     4
       Unarmed           |       |       |     3 ||     3
Throw: Dart              |       |     2 |     3 ||     5
Invok: Depart the Abyss  |     1 |       |       ||     1
       Bend Space        |       |     1 |       ||     1
  Use: Scroll            |     3 |     1 |     2 ||     6
Armor: Leather armour    |     7 |       |       ||     7
       Chain mail        |    34 |    83 |       ||   117
       Plate armour      |       |       |     4 ||     4
Dodge: Dodged            |    48 |    71 |     4 ||   123

Table legend: (Time is in decaauts)
 A = Elapsed time spent in this place.
 B = Non-inter-level travel time spent in this place.
 C = Inter-level travel time spent in this place.
 D = Time resting spent in this place.
 E = Time spent auto-exploring this place.
 F = Levels seen in this place.
 G = Mean time per level.
                   A        B        C        D        E       F      G
               +--------+--------+--------+--------+--------+-----+--------+
         Total |   4742 |   4599 |    143 |   1117 |   2634 |   6 |  790.3 |
       Dungeon |   4739 |   4596 |    143 |   1117 |   2634 |   5 |  947.8 |
         Abyss |      3 |      3 |      0 |      0 |      0 |   1 |    3.0 |
               +--------+--------+--------+--------+--------+-----+--------+

Top non-repeatable levels by time:
     D:2: 1236 daAuts
     D:1: 1178 daAuts
     D:4: 1174 daAuts
     D:3: 1086 daAuts
     D:5: 63 daAuts
 Abyss:1: 3 daAuts
